 Dungeon Crawl Stone Soup version 0.27.1-3-gb3d3a73c9e (webtiles) character file.

Game seed: 17124126259768187131

15894 workbot the Carver (level 12, -2/112 HPs)
             Began as a Black Draconian Berserker on Oct 21, 2021.
             Was a High Priest of Trog.
             Slain by a ten-headed hydra (9 damage)
             ... on level 3 of the Lair of Beasts.
             The game lasted 00:27:29 (14834 turns).

workbot the Carver (Black Draconian Berserker)     Turns: 14834, Time: 00:27:31

Health: -2/112     AC: 13    Str: 24    XL:     12   Next: 5%
Magic:  12/12      EV: 18    Int:  9    God:    Trog [*****.]
Gold:   834        SH:  0    Dex: 10    Spells: 11/11 levels left

rFire    . . .     SeeInvis .   s - +4 falchion
rCold    . . .     Faith    .   (no shield)
rNeg     . . .     Spirit   .   (armour unavailable)
rPois    .         Reflect  .   C - +1 hat {Will+}
rElec    +         Harm     .   D - +0 cloak
rCorr    .         Rampage  .   (no gloves)
Will     ++...                  e - +2 pair of boots
Stlth    ++........             (no amulet)
HPRegen  0.28/turn              x - ring of willpower
MPRegen  0.13/turn              o - +4 ring of evasion

@: about to teleport, on berserk cooldown, slowed, very slow
A: breathe lightning, AC +8, unfitting armour, electricity resistance,
cold-blooded
a: Breathe Lightning, Renounce Religion, Berserk, Trog's Hand, Brothers in Arms


You were on level 3 of the Lair of Beasts.
You worshipped Trog.
Trog was extremely pleased with you.
You visited 2 branches of the dungeon, and saw 15 of its levels.

You collected 834 gold pieces.

Inventory:

Hand Weapons
 s - a +4 falchion (weapon)
Armour
 e - a +2 pair of boots (worn)
 C - a +1 hat of willpower (worn)
 D - a +0 cloak (worn)
Jewellery
 a - a ring of willpower
 o - a +4 ring of evasion (right hand)
 x - a ring of willpower (left hand)
Scrolls
 c - a scroll of teleportation
 d - 4 scrolls of blinking
 i - 4 scrolls of fog
 j - a scroll of summoning
Potions
 h - a potion of heal wounds
 k - 2 potions of flight
 m - 3 potions of might
 n - a potion of experience {unknown}
 t - a potion of curing
 u - a potion of berserk rage {unknown}
 B - a potion of haste
Miscellaneous
 b - a lightning rod (4/4)


   Skills:
 * Level 12.2 Fighting
 - Level 14.0 Long Blades
 + Level 0.1 Throwing
 + Level 7.2 Dodging
 + Level 4.1 Stealth


You had 11 spell levels left.
You didn't know any spells.
Your spell library was empty.

Dungeon Overview and Level Annotations

Branches:
Dungeon (12/15)            Temple (0/1) D:7            Lair (3/6) D:9
  Swamp (0/4) Lair:2          Orc (0/2) D:10
  Snake: Lair:2-4    Spider: Lair:2-4

Altars:
Ashenzari
Elyvilon
Fedhas
Okawaru
Ru
Trog
Uskayaw
Vehumet
Yredelemnul
Beogh

Shops:
D:1 (   D:5 (


Innate Abilities, Weirdness & Mutations

You can breathe wild blasts of lightning.
Your glossy black scales are hard. (AC +8)
You cannot fit into any form of body armour.
You are resistant to electric shocks. (rElec)
You are cold-blooded and may be slowed by cold attacks.


Message History

You are exhausted.
You feel yourself slow down. The ten-headed hydra bites you.
The ten-headed hydra barely misses you. The ten-headed hydra bites you!
* * * LOW HITPOINT WARNING * * *
The ten-headed hydra bites you but does no damage. x2
The ten-headed hydra bites you.
* * * LOW HITPOINT WARNING * * *
The ten-headed hydra closely misses you.
The ten-headed hydra barely misses you. The ten-headed hydra bites you.
* * * LOW HITPOINT WARNING * * *
The ten-headed hydra bites you but does no damage.
You feel much better.
The ten-headed hydra bites you but does no damage.
The ten-headed hydra bites you. The ten-headed hydra misses you. x2
The ten-headed hydra bites you but does no damage.
The ten-headed hydra bites you!
* * * LOW HITPOINT WARNING * * *
The ten-headed hydra bites you but does no damage.
The ten-headed hydra barely misses you.
The ten-headed hydra completely misses you.
The ten-headed hydra bites you but does no damage.
As you read the scroll of teleportation, it crumbles to dust.
You feel strangely unstable.
The ten-headed hydra closely misses you.
The ten-headed hydra barely misses you. The ten-headed hydra bites you.
* * * LOW HITPOINT WARNING * * *
The ten-headed hydra completely misses you.
The ten-headed hydra bites you but does no damage.
The ten-headed hydra bites you.
* * * LOW HITPOINT WARNING * * *
The ten-headed hydra misses you. The ten-headed hydra barely misses you.
The ten-headed hydra bites you.
* * * LOW HITPOINT WARNING * * *
The ten-headed hydra bites you but does no damage.
The ten-headed hydra misses you.
The ten-headed hydra closely misses you.
The ten-headed hydra bites you!
* * * LOW HITPOINT WARNING * * *
The ten-headed hydra bites you!
You die...

......
.....
....
... ##
..
.#!#
#.D#
#@.#
#.##
..#
#P.#
#...
##.#
#.#
#.#


You could see a ten-headed hydra.

Vanquished Creatures
  2 two-headed ogres
  An ugly thing (D:9)
  A cyclops (D:11)
  6 elephants
  Joseph (D:8)
  3 cane toads
  2 kobold demonologists (D:11)
  3 komodo dragons (Lair:1)
  The ghost of seaofthunder the Skirmisher, an amateur HOFi (D:3)
  3 trolls
  A hornet (D:10)
  2 wraiths (D:11)
  A shadow (D:10)
  3 wyverns
  8 yaks
  A steam dragon (D:8)
  3 vampire mosquitoes (D:11)
  5 water moccasins
  Duvessa (D:4)
  2 ice beasts
  5 orc warriors
  4 wolves (Lair:2)
  4 centaurs
  5 necrophages
  2 kobold brigands (D:11)
  A gnoll sergeant (D:6)
  8 bullfrogs
  A wyvern skeleton (D:7)
  Dowan (D:4)
  12 wights
  5 howler monkeys
  A jelly (D:6)
  A bullfrog zombie (D:5)
  4 centaur zombies
  2 hounds
  2 gnoll shamans
  4 orc priests
  3 iguanas
  8 orc wizards
  A killer bee zombie (D:6)
  A hound skeleton (D:4)
  A howler monkey zombie (D:8)
  15 gnolls
  6 adders
  A white imp (D:7)
  An ufetubus (D:7)
  3 adder skeletons (D:4)
  3 dart slugs
  A worm (D:2)
  45 orcs
  4 ball pythons
  10 endoplasms
  A giant cockroach (D:1)
  4 goblins
  7 hobgoblins
  6 jackals
  3 quokkas
  6 bats
  4 frilled lizards
  14 kobolds
  4 rats
264 creatures vanquished.

Vanquished Creatures (collateral kills)
  Gastronok (D:8)
  A howler monkey (D:8)
2 creatures vanquished.

Grand Total: 266 creatures vanquished

Notes
Turn   | Place    | Note
-------+----------+-------------------------------------------
     0 | D:1      | workbot the Draconian Berserker began the quest for the
                  | Orb.
     0 | D:1      | Reached XP level 1. HP: 19/19 MP: 1/1
    96 | D:1      | Reached XP level 2. HP: 26/26 MP: 2/2
   140 | D:1      | Found Xeima's Antique Weapon Emporium.
   222 | D:1      | Found a faded altar of an unknown god.
   624 | D:2      | Found a broken altar of Ashenzari.
   672 | D:2      | Reached XP level 3. HP: 24/33 MP: 3/3
   877 | D:2      | Reached ** piety under Trog
  1644 | D:3      | Reached skill level 4 in Long Blades
  1644 | D:3      | Reached XP level 4. HP: 35/40 MP: 4/4
  2008 | D:3      | Found a blossoming altar of Fedhas.
  2209 | D:3      | Found a runed translucent door.
  2215 | D:3      | Noticed seaofthunder's ghost (amateur HOFi)
  2249 | D:3      | Killed seaofthunder's ghost
  2250 | D:3      | Reached skill level 5 in Long Blades
  2250 | D:3      | Reached XP level 5. HP: 47/47 MP: 5/5
  2250 | D:3      | Reached XP level 6. HP: 55/55 MP: 6/6
  2647 | D:4      | Reached skill level 6 in Long Blades
  2683 | D:4      | Found a basalt altar of Yredelemnul.
  2739 | D:4      | Reached *** piety under Trog
  2809 | D:4      | Noticed Duvessa
  2814 | D:4      | Found a radiant altar of Vehumet.
  2815 | D:4      | Noticed Dowan
  2826 | D:4      | Killed Dowan
  2827 | D:4      | Reached skill level 5 in Fighting
  2832 | D:4      | Killed Duvessa
  2833 | D:4      | Your scales start taking on a glossy black colour.
  2833 | D:4      | Reached XP level 7. HP: 52/61 MP: 7/7
  2833 | D:4      | Gained mutation: You are resistant to electric shocks.
                  | (rElec) [Black Draconian growth]
  3335 | D:4      | Reached skill level 7 in Long Blades
  3335 | D:4      | Reached skill level 1 in Stealth
  3666 | D:4      | Found a white marble altar of Elyvilon.
  3750 | D:5      | Entered Level 5 of the Dungeon
  3778 | D:5      | Found Wugahav's Weapon Shop.
  3984 | D:5      | Reached XP level 8. HP: 49/70 MP: 8/8
  4330 | D:5      | Reached skill level 8 in Long Blades
  4464 | D:5      | Found a bloodstained altar of Trog.
  5580 | D:7      | Reached skill level 9 in Long Blades
  5849 | D:6      | Reached **** piety under Trog
  5992 | D:6      | Reached XP level 9. HP: 78/78 MP: 9/9
  6408 | D:7      | Reached skill level 10 in Long Blades
  6693 | D:7      | Found a staircase to the Ecumenical Temple.
  6755 | D:7      | Reached skill level 5 in Dodging
  7822 | D:8      | Noticed Gastronok
  8036 | D:8      | Killed Gastronok
  8037 | D:8      | Reached skill level 11 in Long Blades
  8037 | D:8      | Reached XP level 10. HP: 90/90 MP: 10/10
  8207 | D:8      | Noticed Joseph
  8224 | D:8      | Killed Joseph
  9334 | D:8      | Found a sacrificial altar of Ru.
  9334 | D:8      | Found an iron altar of Okawaru.
  9356 | D:9      | Noticed a purple ugly thing
  9367 | D:9      | Killed a purple ugly thing
  9552 | D:9      | Found a broken altar of Ashenzari.
  9572 | D:9      | Reached skill level 12 in Long Blades
  9782 | D:9      | Found a hide-covered altar of Uskayaw.
  9909 | D:9      | Found a staircase to the Lair.
 10041 | D:10     | Entered Level 10 of the Dungeon
 10122 | D:10     | Found a staircase to the Orcish Mines.
 10907 | D:10     | Noticed a two-headed ogre
 10914 | D:10     | Killed a two-headed ogre
 10915 | D:10     | Reached skill level 10 in Fighting
 11097 | D:10     | Reached XP level 11. HP: 94/99 MP: 11/11
 11361 | D:11     | Reached ***** piety under Trog
 11368 | D:11     | Reached skill level 13 in Long Blades
 11540 | D:11     | Noticed a two-headed ogre
 11553 | D:11     | Killed a two-headed ogre
 12149 | D:11     | Identified the +6 dagger of Exoneration {drain, rF+++ rN+
                  | Int-4 Stlth+}
 12620 | Lair:1   | Entered Level 1 of the Lair of Beasts
 14212 | Lair:2   | Reached skill level 14 in Long Blades
 14547 | Lair:2   | Reached XP level 12. HP: 94/112 MP: 12/12
 14780 | Lair:2   | Found a staircase to the Swamp.
 14792 | Lair:2   | Noticed a five-headed hydra
 14834 | Lair:3   | Slain by a ten-headed hydra

Illustrated notes

Levels and vault maps discovered:
D:1:      dpeg_arrival_tiny_g, layout_rooms, serial_shops,
          nicolae_shop_overgrown_old_shop, basic_ecumenical_altar,
          minmay_strange_pillars, minmay_misc_feat_columns
D:2:      layout_basic, basic_altar, serial_bayou_pond_d
D:3:      layout_basic, lemuel_coloured_pillars_altar, ebering_ghost_sewer_d
D:4:      layout_rooms, kennysheep_ying_yang, vehumet_altar_wand_db,
          small_statue_alley_b, mrwooster_statue_mirror, uniq_duvessa
D:5:      layout_basic, kennysheep_little_box, grunt_ministairs_11,
          chequers_serial_rivers_large_a, minmay_crystal_water,
          nicolae_inconvenience_store
D:6:      layout_rooms, kennysheep_generic_room_9
D:7:      layout_loops_ring, minmay_temple_entry_fiery, serial_co_window_serial,
          co_window_paths_a, co_window_paths_a, co_window_paths_b,
          co_window_corner_a, co_window_paths_a, co_window_paths_c,
          co_window_corner_b, co_window_corner_ca, co_window_of_opportunity_c,
          co_window_cross_3, glass_columns_b, glass_columns_b
D:8:      layout_basic, gammafunk_temple_overflow_wave, uniq_joseph,
          uniq_gastronok
D:9:      layout_rooms, old_standard_altar, ashenzari_altar_1, lair_entry_dummy
D:10:     layout_loops_ring, david_orc_5
D:11:     layout_long_grid
D:12:     layout_rooms
Lair:1:   layout_regular_city
Lair:2:   layout_regular_city, swamp_mist_pool, chequers_serial_rivers_micro_c,
          serial_bayou_shore_b
Lair:3:   layout_roguey, minmay_snake_entry_guardpost_small,
          chequers_serial_rivers_small_a, chequers_serial_rivers_micro_b,
          serial_bayou_shore_b, grunt_megastairs_5, uniq_prince_ribbit2

Skill      XL: |  1  2  3  4  5  6  7  8  9 10 11 |
---------------+----------------------------------+-----
Dodging        | 3 4 5 6 7 |  7.2
Fighting       | 4 5 6 8 10 12 | 12.2
Long Blades    | 4 5 6 7 9 11 12 14 | 14.0
Stealth        | 1 2 3 4 |  4.1
Throwing       | |  0.1

Action                   |  1- 3 |  4- 6 |  7- 9 | 10-12 || total
-------------------------+-------+-------+-------+-------++-------
Melee: Falchion          |   100 |    93 |   343 |   471 ||  1007
       Tailslap          |    10 |    22 |    65 |    90 ||   187
Throw: Throwing net      |       |       |     1 |       ||     1
Invok: Berserk           |       |     3 |    10 |    14 ||    27
       Brothers in Arms  |       |       |     1 |       ||     1
  Use: Scroll            |     1 |     2 |    12 |    11 ||    26
       Potion            |       |       |     3 |     1 ||     4
 Stab: Sleeping          |       |     1 |     5 |     3 ||     9
Armor: Skin              |    31 |    26 |   101 |   140 ||   298
Dodge: Dodged            |    73 |    47 |   148 |   280 ||   548
       Rpst.: Falchion   |    21 |    15 |    41 |    68 ||   145
